 Dungeon Crawl Stone Soup version 0.28-a0-850-g09de17f5b5 (webtiles) character file.

Game seed: 1193714798772919891

125 spiderkeys the Ducker (level 4, -9/27 HPs)
             Began as a Deep Elf Abyssal Knight on Nov 13, 2021.
             Was a Believer of Lugonu.
             Splashed by a jelly's acid (10 damage)
             ... on level 1 of the Dungeon.
             The game lasted 00:06:40 (4290 turns).

spiderkeys the Ducker (Deep Elf Abyssal Knight)     Turns: 4290, Time: 00:06:40

Health: -9/27      AC: -5    Str: 10    XL:     4   Next: 82%
Magic:  7/9        EV: 13    Int: 16    God:    Lugonu [**....]
Gold:   177        SH:  0    Dex: 15    Spells: 3/8 levels left

rFire   . . .      SeeInvis .   a - +5 short sword (speed)
rCold   . . .      Faith    .   (no shield)
rNeg    . . .      Spirit   .   g - +0 robe
rPois   .          Reflect  .   (no helmet)
rElec   .          Harm     .   (no cloak)
rCorr   .          Rampage  .   (no gloves)
Will    .....                   (no boots)
Stlth   ++........              (no amulet)
HPRegen 0.09/turn               (no ring)
MPRegen 0.11/turn               (no ring)

@: corroded
A: no striking features
a: Renounce Religion, Depart the Abyss, Bend Space


You were on level 1 of the Dungeon.
You worshipped Lugonu.
Lugonu was pleased with you.
You visited 1 branch of the dungeon, and saw 3 of its levels.
You visited the Abyss 1 time.

You collected 177 gold pieces.


   Skills:
 - Level 2.4 Fighting
 - Level 2.0 Short Blades
 - Level 0.7 Armour
 + Level 3.4 Dodging
 + Level 2.5 Stealth
 + Level 2.5 Spellcasting
 - Level 1.5 Conjurations
 + Level 0.4 Hexes
 + Level 3.0 Invocations


You had 3 spell levels left.
You knew the following spells:

 Your Spells              Type           Power      Damage    Failure   Level
e - Ensorcelled Hibernat  Hex/Ice        4%         N/A       26%         2
t - Static Discharge      Conj/Air       4%         N/A       22%         2
z - Summon Small Mammal   Summ           8%         N/A       21%         1

Your spell library contained the following spells:

 Spells                   Type           Power      Damage    Failure   Level
 Animate Skeleton         Necr           4%         N/A       21%         1
 Apportation              Tloc           4%         N/A       21%         1
 Summon Guardian Golem    Hex/Summ       2%         N/A       47%         3
 Spider Form              Tmut/Pois      2%         N/A       52%         3
 Sticky Flame             Conj/Fire      4%         2d3       82%         4
 Dispel Undead            Necr           2%         3d7       89%         4
 Orb of Destruction       Conj           3%         9d1       100%        7
 Spellforged Servitor     Conj/Summ      2%         N/A       100%        7

Inventory:

Hand Weapons
 a - a +5 short sword of speed (weapon)
   (You found it on level 2 of the Abyss)
 b - a +0 hunting sling
   (You found it on level 2 of the Dungeon)
 d - a +1 short sword
Missiles
 c - 127 stones
 h - 23 sling bullets
 k - 7 poisoned darts
 q - 19 bolts
Armour
 g - a +0 robe (worn)
   (You found it on level 1 of the Dungeon)
 n - a +0 helmet
   (You took it off Robin on level 3 of the Dungeon)
Scrolls
 e - a scroll of holy word {unknown}
 i - a scroll of enchant weapon {unknown}
 l - 4 scrolls of identify {unknown}
 o - a scroll of magic mapping {unknown}
 r - a scroll of amnesia {unknown}
Potions
 f - a potion of brilliance {unknown}
 j - 2 potions of flight {unknown}
 m - 2 potions of curing {unknown}
 p - a potion of mutation {unknown}

Dungeon Overview and Level Annotations

Branches:
Dungeon (3/15)

Altars:
Elyvilon
Fedhas
Gozag
Ru
Vehumet

#...................# #..
#..###############..# ##.
#..#......h..w...#†## #.
#..#.......rJB...#†# #.
#..#........hJ.. #.###########.
#..#######'#######.†...........
#..#.............#†.###########
#..+⌠....###.†..⌠'..# #
#..#......<...@..#..# #
#..#..⌠...>...J..#..# #
#.†###+#######'###..# #
#............§......# #
#....#######........# # ######
########## #


You could see a jelly.


Message History

You take 2 damage, and now have 16/27 hp.
Your mp is fully restored (9).
You hit the jackal.
Your bat closely misses the jackal. x2
Your bat misses the jackal. The jackal closely misses you.
The jackal bites you but does no damage.
Your bat hits the endoplasm. 😮 HP[+1]
You hit the jackal but do no damage. Your bat hits the jackal.
Your bat closely misses the jackal.
Your bat hits the jackal.
The jackal dies!
Lugonu accepts your kill.
The jackal bites you but does no damage.
The endoplasm misses your bat.
Your bat hits the jackal but does no damage.
The jackal misses you.
Your bat closely misses the jackal.
The jackal barely misses you.
You see here a jackal corpse.
You hit the jackal.
You kill the jackal!
Lugonu accepts your kill.
Your bat barely misses the giant cockroach.
The endoplasm hits you. 😮 HP[-1]
You take 1 damage, and now have 16/27 hp.
You barely miss the giant cockroach. Your bat hits the endoplasm.
The giant cockroach bites you.
Your bat barely misses the giant cockroach. 😮 HP[-1]
You take 1 damage, and now have 15/27 hp.
You hit the giant cockroach.
Your bat barely misses the endoplasm.
Your bat hits the giant cockroach but does no damage.
The endoplasm hits you but does no damage.
The giant cockroach closely misses you.
Your bat hits the giant cockroach but does no damage.
Your bat hits the endoplasm. You puncture the endoplasm!
You kill the endoplasm!
Lugonu accepts your kill.
Your bat hits the giant cockroach but does no damage.
The giant cockroach closely misses you.
You hit the giant cockroach.
You kill the giant cockroach!
Lugonu accepts your kill.
Your bat disappears in a puff of smoke! 😮 HP[+1]
Your bat disappears in a puff of smoke!
You start resting.
You hear a distant slurping noise. 😎 HP[+11]
Your hp is fully restored (27).
There is an open door here.
There is a fountain of clear blue water here.
Casting: Summon Small Mammal (safe; 21% risk of failure)
Confirm with . or Enter, or press ? or * to list all spells.
😎 MP[-1]
You lost 1 mp, and now have 8/9 mp.
Casting: Summon Small Mammal (safe; 21% risk of failure)
Confirm with . or Enter, or press ? or * to list all spells.
Your bat closely misses the jackal.
Your bat barely misses the jackal.
The jackal bites your bat. 😎 MP[-1]
You lost 1 mp, and now have 7/9 mp.
Your bat closely misses the jackal.
The jackal barely misses you.
Your bat hits the jackal but does no damage.
The jackal barely misses you.
You hit the jackal.
Your bat hits the jackal but does no damage.
Your bat barely misses the jackal.
Your bat hits the jelly.
Your bat is burned by acid!
Your bat dies!
Your bat's corpse disappears in a puff of smoke!
The jackal bites you. 😕 HP[-1]
You take 1 damage, and now have 26/27 hp.
You barely miss the jackal.
Your bat hits the jackal but does no damage.
The jackal misses your bat.
You hit the jackal.
You kill the jackal!
Lugonu accepts your kill.
You hit the jelly. The acid corrodes you!
Your hands burn!
Your bat completely misses the jelly.
Your bat hits the jelly.
Your bat is burned by acid!
Your bat dies!
Your bat's corpse disappears in a puff of smoke!
The jelly hits you.
You are splashed with acid!
* * * LOW HITPOINT WARNING * * *
😨 HP[-16]
You take 16 damage, and now have 10/27 hp.
MASSIVE DAMAGE!! (PAUSE)
You hit the jelly.
Your hands burn!
* * * LOW HITPOINT WARNING * * *
😨 HP[-2]
You take 2 damage, and now have 8/27 hp.
You hit the jelly but do no damage. The acid corrodes you!
Your hands burn!
* * * LOW HITPOINT WARNING * * *
The jelly hits you.
* * * LOW HITPOINT WARNING * * *
You are splashed with acid!
You die...

Skill      XL: |  1  2  3  4 |
---------------+-------------+-----
Spellcasting   | 1 2 |  2.5
Stealth        | 1 2 |  2.5
Dodging        | 3 |  3.4
Conjurations   | 1 |  1.5
Invocations    | 3 |  3.0
Fighting       | |  2.4
Short Blades   | |  2.0
Armour         | |  0.7
Hexes          | |  0.4

Action                   |  1- 3 |  4- 6 || total
-------------------------+-------+-------++-------
Melee: Short sword       |   106 |    72 ||   178
Throw: Stone             |     1 |       ||     1
 Cast: Summon Small Mamm |       |    13 ||    13
Invok: Depart the Abyss  |     1 |       ||     1
 Stab: Sleeping          |     1 |     1 ||     2
Armor: Leather armour    |    13 |       ||    13
       Robe              |     4 |    10 ||    14
Dodge: Dodged            |    56 |    51 ||   107

Levels and vault maps discovered:
D:1:      dpeg_arrival_caged_fury, layout_basic
D:2:      layout_loops_ring, minmay_heptomino_o4
D:3:      layout_loops_corners, nicolae_ru_awakened_eye, minitemple,
          shapermc_ecumenical_altar_totnotflames, uniq_robin

Notes
Turn   | Place    | Note
-------+----------+-------------------------------------------
     0 | Abyss:1  | spiderkeys the Deep Elf Abyssal Knight began the quest for
                  | the Orb.
     0 | Abyss:1  | Reached XP level 1. HP: 13/13 MP: 4/4
     0 | Abyss:1  | magus.rc [v1.9.10]
     2 | Abyss:1  | Found a broken altar of Ashenzari.
    50 | Abyss:1  | You pick up a book of Touch and begin reading...
    50 | Abyss:1  | You add the spells Static Discharge, Sticky Flame and
                  | Dispel Undead to your library.
    81 | Abyss:2  | Noticed a blink frog
    81 | Abyss:2  | Noticed a blink frog
    82 | Abyss:2  | Noticed a blink frog
    85 | Abyss:2  | Noticed a blink frog
    89 | D:1      | You pass through the gate.
    89 | D:1      | Escaped the Abyss
   102 | D:1      | Found a runed translucent door.
   103 | D:1      | Noticed a jelly
   105 | D:1      | Noticed a jelly
   278 | D:1      | Reached * piety under Lugonu
   285 | D:1      | Reached skill level 1 in Spellcasting
   285 | D:1      | Reached XP level 2. HP: 13/18 MP: 5/5
   290 | D:1      | Reached skill level 1 in Stealth
   528 | D:1      | Learned a level 2 spell: Static Discharge
   630 | D:1      | You pick up a book of Cantrips and begin reading...
   630 | D:1      | You add the spells Animate Skeleton, Summon Small Mammal
                  | and Apportation to your library.
  1153 | D:2      | Reached skill level 3 in Dodging
  1153 | D:2      | Reached XP level 3. HP: 19/22 MP: 7/7
  1229 | D:2      | Learned a level 1 spell: Summon Small Mammal
  1460 | D:2      | Reached skill level 1 in Conjurations
  1621 | D:2      | Reached ** piety under Lugonu
  1624 | D:2      | Reached skill level 2 in Spellcasting
  1706 | D:2      | You pick up a book of Dangerous Friends and begin
                  | reading...
  1706 | D:2      | You add the spells Summon Guardian Golem, Orb of
                  | Destruction and Spellforged Servitor to your library.
  1812 | D:2      | Reached skill level 2 in Stealth
  1812 | D:2      | Reached XP level 4. HP: 15/27 MP: 9/9
  2530 | D:3      | Noticed Robin
  2588 | D:3      | HP: 6/27 [goblin/stone[Robin] (5)]
  2913 | D:3      | Killed Robin
  3446 | D:3      | Found a radiant altar of Vehumet.
  3446 | D:3      | Found a white marble altar of Elyvilon.
  3446 | D:3      | Found an opulent altar of Gozag.
  3449 | D:3      | Found a blossoming altar of Fedhas.
  3506 | D:3      | Found a faded altar of an unknown god.
  3721 | D:3      | You pick up a book of Dreams and begin reading...
  3721 | D:3      | You add the spells Ensorcelled Hibernation and Spider Form
                  | to your library.
  3742 | D:3      | Learned a level 2 spell: Ensorcelled Hibernation
  3760 | D:3      | Found a sacrificial altar of Ru.
  4107 | D:1      | Reached skill level 3 in Invocations
  4290 | D:1      | HP: 4/27 [acid (4)]
  4290 | D:1      | HP: 1/27 [jelly (3)]
  4290 | D:1      | Splashed by a jelly's acid

Vanquished Creatures
  Robin (D:3)
  2 adders (D:2)
  2 worms (D:2)
  A dart slug (D:1)
  4 bats (D:1)
  12 endoplasms
  4 giant cockroaches
  11 goblins
  12 hobgoblins
  7 jackals
  4 ball pythons
  A frilled lizard (D:3)
  8 kobolds
  5 rats
74 creatures vanquished.

Vanquished Creatures (collateral kills)
  2 goblins (D:3)
  A jackal (D:1)
3 creatures vanquished.

Grand Total: 77 creatures vanquished

Table legend:
 A = Non-vault XP
 B = Vault XP
 C = Vault XP percentage of total XP
 D = Non-vault monster count
 E = Vault monster count
 F = Vault count percentage of total count
                 A         B        C        D         E       F
            +---------+---------+-------+---------+---------+-------
      Total |     109 |      70 |  39.1 |      47 |      30 |  39.0
            +---------+---------+-------+---------+---------+-------
        D:1 |      40 |      28 |  41.2 |      23 |      15 |  39.5
        D:2 |      53 |       6 |  10.2 |      14 |       3 |  17.6
        D:3 |      16 |      36 |  69.2 |      10 |      12 |  54.5
            +---------+---------+-------+---------+---------+-------

Illustrated notes

Table legend:
 A = Kills in this place as a percentage of kills in entire the game.
 B = Kills by you in this place as a percentage of kills by you in the entire game.
 C = Kills by friends in this place as a percentage of kills by friends in the entire game.
 D = Other kills in this place as a percentage of other kills in the entire game.
 E = Experience gained in this place as a percentage of experience gained in the entire game.
 F = Experience gained in this place divided by the number of levels of this place that you have seen.
                   A       B       C       D       E      F
               +-------+-------+-------+-------+-------+----------------------
         Total | 100.0 | 100.0 | 100.0 |   N/A | 100.0 |  35.8
       Dungeon | 100.0 | 100.0 | 100.0 |   N/A | 100.0 |  59.7
               +-------+-------+-------+-------+-------+----------------------

Table legend: (Time is in decaauts)
 A = Elapsed time spent in this place.
 B = Non-inter-level travel time spent in this place.
 C = Inter-level travel time spent in this place.
 D = Time resting spent in this place.
 E = Time spent auto-exploring this place.
 F = Levels seen in this place.
 G = Mean time per level.
                   A        B        C        D        E       F      G
               +--------+--------+--------+--------+--------+-----+--------+
         Total |   4231 |   4011 |    220 |    554 |   2885 |   5 |  846.2 |
       Dungeon |   4143 |   3923 |    220 |    554 |   2844 |   3 | 1381.0 |
         Abyss |     88 |     88 |      0 |      0 |     41 |   2 |   44.0 |
               +--------+--------+--------+--------+--------+-----+--------+

Top non-repeatable levels by time:
     D:2: 1459 daAuts
     D:3: 1400 daAuts
     D:1: 1283 daAuts
 Abyss:1: 56 daAuts
 Abyss:2: 32 daAuts
